 Dungeon Crawl Stone Soup version 0.29.1-1-gd02db6906a (webtiles) character file.

Game seed: 7413596187717736317

140 warriortoast the Conjurer (level 5, -3/28 HPs)
             Began as a Deep Elf Conjurer on Oct 12, 2022.
             Slain by a gnoll sergeant
             ... wielding a +0 spear
              (9 damage)
             ... on level 3 of the Dungeon.
             The game lasted 00:06:29 (3520 turns).

warriortoast the Conjurer (Deep Elf Conjurer)       Turns: 3520, Time: 00:06:31

Health: -3/28      AC:  4    Str:  4    XL:     5   Next: 2%
Magic:  5/14       EV: 12    Int: 31    God:
Gold:   156        SH:  0    Dex: 13    Spells: 6/14 levels left

rFire   . . .      SeeInvis .   j - +2 dagger (speed)
rCold   . . .      Faith    .   (no shield)
rNeg    . . .      Spirit   .   a - +0 robe
rPois   .          Reflect  .   l - +0 helmet
rElec   .          Harm     .   u - +0 cloak
rCorr   .          Rampage  .   (no gloves)
Will    .....                   (no boots)
Stlth   ++........              (no amulet)
HPRegen 0.09/turn               d - +6 ring of intelligence
MPRegen 0.14/turn               (no ring)

@: no status effects
A: no striking features
a: no special abilities


You were on level 3 of the Dungeon.
You visited 1 branch of the dungeon, and saw 3 of its levels.

You collected 156 gold pieces.

Inventory:

Hand Weapons
 j - a +2 dagger of speed (weapon)
Missiles
 o - 3 silver javelins
Armour
 a - a +0 robe (worn)
 l - a +0 helmet (worn)
 s - a +0 pair of gloves
 u - a +0 cloak (worn)
Jewellery
 d - a +6 ring of intelligence (left hand)
 g - a +6 ring of dexterity
Scrolls
 c - 3 scrolls of identify {unknown}
 e - 5 scrolls of poison {unknown}
 h - 4 scrolls of teleportation {unknown}
 k - a scroll of vulnerability {unknown}
 m - 3 scrolls of immolation {unknown}
 t - a scroll of butterflies {unknown}
 v - a scroll of torment {unknown}
Potions
 b - a potion of magic
 f - 2 potions of mutation {unknown}
 i - a potion of might {unknown}
 n - a potion of degeneration {unknown}
 p - a potion of heal wounds {unknown}
 q - a potion of brilliance {unknown}
 r - a potion of flight {unknown}


   Skills:
 - Level 2.4 Dodging
 - Level 2.4 Stealth
 + Level 5.0 Spellcasting
 + Level 5.5 Conjurations
 + Level 2.6 Hexes


You had 6 spell levels left.
You knew the following spells:

 Your Spells              Type           Power      Damage    Failure   Level
a - Magic Dart            Conj           100%       1d8       1%          1
b - Dazzling Flash        Conj/Hex       66%        N/A       3%          3
c - Fulminant Prism       Conj/Hex       16%        3d11      10%         4

Your spell library contained the following spells:

 Spells                   Type           Power      Damage    Failure   Level
 Searing Ray              Conj           84%        2d7       1%          2
 Tukima's Dance           Hex            24%        N/A       5%          3
 Portal Projectile        Hex/Tloc       30%        N/A       10%         3
 Iskenderun's Mystic Bla  Conj/Tloc      25%        2d7       17%         4
 Blade Hands              Tmut           3%         N/A       83%         5


Dungeon Overview and Level Annotations

Branches:
Dungeon (3/15)

Altars:

Annotations:
D:3 3 runed translucent doors, GloriousHammer's ghost, amateur NaVM


Message History

The gnoll sergeant shouts!
The magic dart hits the gnoll sergeant.
The gnoll sergeant is moderately wounded.
The magic dart hits the gnoll sergeant.
The gnoll sergeant is moderately wounded.
The magic dart hits the gnoll sergeant.
The gnoll sergeant is heavily wounded.
The magic dart hits the gnoll sergeant.
The gnoll sergeant is heavily wounded.
The magic dart hits the gnoll sergeant.
The gnoll sergeant is heavily wounded.
The gnoll sergeant hits you from afar with a +0 spear.
The magic dart hits the gnoll sergeant.
The gnoll sergeant is severely wounded.
The gnoll sergeant hits you from afar with a +0 spear!
The magic dart hits the gnoll sergeant.
The gnoll sergeant is severely wounded.
The gnoll sergeant hits you from afar with a +0 spear!
* * * LOW HITPOINT WARNING * * *
You are too injured to fight recklessly!
You are too injured to fight recklessly!
You are too injured to fight recklessly!
You are too injured to fight recklessly!
Casting: Magic Dart (safe; 1% risk of failure)
Confirm with . or Enter, or press ? or * to list all spells.
Aiming: Magic Dart (safe; 1% risk of failure)
Press: ? - help, Shift-Dir - straight line, f/p - gnoll sergeant
Aim: a gnoll sergeant, wielding a +0 spear and wearing a +0 ring mail (severely wounded, 100% to hit)
The magic dart hits the gnoll sergeant but does no damage.
The gnoll sergeant is severely wounded.
The gnoll sergeant completely misses you.
Casting: Magic Dart (safe; 1% risk of failure)
Confirm with . or Enter, or press ? or * to list all spells.
Aiming: Magic Dart (safe; 1% risk of failure)
Press: ? - help, Shift-Dir - straight line, f/p - gnoll sergeant
Aim: a gnoll sergeant, wielding a +0 spear and wearing a +0 ring mail (severely wounded, 100% to hit)
The magic dart hits the gnoll sergeant but does no damage.
The gnoll sergeant is severely wounded.
The gnoll sergeant hits you from afar with a +0 spear!
You die...

#...........# #.#####
#####.......#########>#
#
###.#.............#####
#.#...############[..
#.#...# #..< #.#..##
#.## #.#..######## #.##
#...........######.##
####@######.#........
#...####.#.####.##
#g....##.#.# #.##
#.#.#.##.#.# #.#
#.#.#.##.#.####.##
#.#.#.##.....)....
#.#.#..####.#.#...
#..#..........####
#.#.#...##...#.###


You could see a gnoll sergeant.

Vanquished Creatures
  3 gnolls (D:3)
  3 adders
  2 worms (D:2)
  A dart slug (D:2)
  9 endoplasms
  4 giant cockroaches
  6 goblins
  7 hobgoblins
  8 jackals
  2 quokkas
  7 ball pythons
  6 bats
  3 frilled lizards
  7 kobolds
  6 rats
74 creatures vanquished.

Notes
Turn   | Place    | Note
-------+----------+-------------------------------------------
     0 | D:1      | warriortoast the Deep Elf Conjurer began the quest for the
                  | Orb.
     0 | D:1      | Reached XP level 1. HP: 10/10 MP: 6/6
    40 | D:1      | Found a faded altar of an unknown god.
   276 | D:1      | Reached XP level 2. HP: 15/15 MP: 5/8
   978 | D:1      | Reached XP level 3. HP: 19/19 MP: 6/10
   982 | D:1      | Learned a level 3 spell: Dazzling Flash
  1097 | D:1      | Reached skill level 5 in Conjurations
  1437 | D:2      | Reached skill level 1 in Hexes
  1793 | D:2      | Reached XP level 4. HP: 24/24 MP: 10/12
  2486 | D:3      | Found a runed translucent gate.
  2489 | D:3      | Found a runed translucent gate.
  2490 | D:3      | Found a runed translucent gate.
  2491 | D:3      | Noticed GloriousHammer's ghost (amateur NaVM)
  2570 | D:3      | Noticed a gnoll sergeant
  3215 | D:3      | Reached XP level 5. HP: 28/28 MP: 11/14
  3368 | D:3      | Learned a level 4 spell: Fulminant Prism
  3421 | D:3      | Reached skill level 5 in Spellcasting
  3520 | D:3      | Slain by a gnoll sergeant

Illustrated notes

Levels and vault maps discovered:
D:1:      ebering_hopf_link, layout_loops_corners,
          chequers_ecumenical_altar_island
D:2:      layout_loops_ring
D:3:      minmay_door_path, layout_loops_ring, ebering_ghost_rock_garden,
          minivault_26

Skill      XL: |  1  2  3  4  5 |
---------------+----------------+-----
Spellcasting   | 4 5 |  5.0
Conjurations   | 5 |  5.5
Hexes          | 1 2 |  2.6
Dodging        | |  2.4
Stealth        | |  2.4

Action                   |  1- 3 |  4- 6 || total
-------------------------+-------+-------++-------
 Cast: Magic Dart        |    81 |    75 ||   156
Armor: Robe              |     1 |     3 ||     4
Dodge: Dodged            |     2 |    13 ||    15
